 Dungeon Crawl Stone Soup version 0.28.0-53-g5a82cb258f (webtiles) character file.

Game seed: 4286559009577515755

1952 jjjjhere the Grappler (level 9, -2/71 HPs)
             Began as a Ghoul Fighter on Nov 20, 2022.
             Slain by an orc
             ... wielding a +0 flail
              (6 damage)
             ... while paralysed
             ... on level 6 of the Dungeon.
             The game lasted 00:07:05 (5005 turns).

jjjjhere the Grappler (Ghoul Fighter)               Turns: 5005, Time: 00:07:05

Health: -2/71      AC: 11    Str: 20 (22) XL:     9   Next: 18%
Magic:  0/8        EV:  2    Int:  0 (5)  God:
Gold:   257        SH:  0    Dex:  4 (8)  Spells: 8/8 levels left

rFire   . . .      SeeInvis .     - Unarmed
rCold   + . .      Faith    .   b - +0 buckler
rNeg    + + +      Spirit   +   E - +0 acid dragon scales
rPois   ∞          Reflect  .   (no helmet)
rElec   .          Harm     .   (no cloak)
rCorr   +          Rampage  .   (no gloves)
Will    .....                   I - +0 pair of boots
Stlth   ..........              G - amulet of guardian spirit
HPRegen 0.00/turn               D - +4 ring of protection
MPRegen 0.11/turn               (no ring)

@: paralysed, flying, inhibited regen, slowed, lost intelligence, unable to read
A: claws 1, cold resistance 1, negative energy resistance 3, inhibited
regeneration, torment resistance 2
a: no special abilities


You were on level 6 of the Dungeon.
You visited 1 branch of the dungeon, and saw 6 of its levels.

You collected 257 gold pieces.

Inventory:

Missiles
 r - 7 poisoned darts (quivered)
 u - a silver javelin
 v - a javelin
Armour
 b - a +0 buckler (worn)
 E - +0 acid dragon scales (worn)
 I - a +0 pair of boots (worn)
Jewellery
 f - an amulet of regeneration
 D - a +4 ring of protection (left claw)
 G - an amulet of guardian spirit (around neck)
Wands
 l - a wand of polymorph (9)
 w - a wand of charming (12)
 y - a wand of paralysis (3)
 A - a wand of mindburst (21)
 C - a wand of flame (11)
Scrolls
 d - 2 scrolls of enchant armour {unknown}
 g - a scroll of immolation {unknown}
 h - a scroll of acquirement {unknown}
 j - 2 scrolls of vulnerability {unknown}
 p - 3 scrolls of identify {unknown}
 q - a scroll of amnesia {unknown}
 s - 2 scrolls of fear {unknown}
 z - a scroll of fog {unknown}
 F - a scroll of blinking {unknown}
 H - a scroll of teleportation {unknown}
Potions
 a - a potion of degeneration
 c - a potion of might
 e - 2 potions of curing {unknown}
 i - a potion of heal wounds {unknown}
 k - a potion of flight
 m - a potion of mutation
 n - a potion of lignification {unknown}
 o - 2 potions of attraction {unknown}
 t - a potion of haste {unknown}
 x - a potion of brilliance {unknown}
 B - a potion of invisibility {unknown}


   Skills:
 * Level 3.8 Fighting
 * Level 3.1 Armour
 - Level 2.6 Shields
 + Level 12.5 Unarmed Combat


You had 8 spell levels left.
You didn't know any spells.
Your spell library contained the following spells:

 Spells                   Type           Power      Damage    Failure   Level
 Foxfire                  Conj/Fire      0%         2x1d4     78%         1
 Conjure Flame            Conj/Fire      0%         6-21      98%         3
 Inner Flame              Hex/Fire       0%         N/A       98%         3
 Anguish                  Hex/Necr       0%         N/A       100%        4
 Flame Wave               Conj/Fire      0%         2d4       100%        4
 Fireball                 Conj/Fire      0%         3d3       100%        5


Dungeon Overview and Level Annotations

Branches:
Dungeon (6/15)
 Temple: D:4-7

Altars:
Cheibriados

Shops:
D:2 [   D:4 (


Innate Abilities, Weirdness & Mutations

You thrive by killing the living.
You are immune to poison.
You have sharp fingernails.
Your flesh is cold resistant. (rC+)
You are immune to negative energy. (rN+++)
You do not regenerate when monsters are visible.
You are immune to unholy pain and torment.


Message History

The magic dart hits you. Something hits you. You block the gnoll's attack.
You barely miss something.
You hear some strange, mumbled words.
A magic dart appears from out of thin air!
The magic dart hits you!
You scratch something. The gnoll hits you but does no damage.
Something hits you but does no damage.
You miss something. The gnoll closely misses you.
You hear some strange, mumbled words.
A puff of flame appears from out of thin air!
The puff of flame hits you!
* * * LOW HITPOINT WARNING * * *
You miss something.
The gnoll hits you from afar with a +0 halberd!
* * * LOW HITPOINT WARNING * * *
Something hits you but does no damage.
You miss something.
The gnoll hits you from afar with a +0 halberd!
* * * LOW HITPOINT WARNING * * *
It was a potion of degeneration.
There was something very wrong with that liquid.
You feel weakened.
You feel dopey.
You feel clumsy. Something hits you but does no damage.
The gnoll hits you from afar with a +0 halberd.
* * * LOW HITPOINT WARNING * * *
It was a potion of flight.
You feel very buoyant.
You fly up into the air.
Something hits you but does no damage. The gnoll closely misses you.
Sorry, you're not good enough to have a special ability.
It was a potion of mutation.
You feel extremely strange.
Your body decomposes!
You feel dopey.
Your body decomposes!
You feel clumsy.
Your body decomposes!
You feel dopey.
You have lost your intelligence.
The orc hits you with a +0 flail!
You die...

#.....###.#..#
#...).g......#
#.###.###o##.#
#.###.# #.##.#
#...#.###o##.#
#g#.#.#......#
#)#.#...#..#g###
###
#o#.#####..#{#.#
#.#
.>.........o@#.#
#.#
....#########.(.#
#.# 8888..
#.....# #.#
8.888.#. #.##..#
#.# .........
#.###.####'##
..8..... . #.#
#.#.....# #.#
#.......# #.#
##......# #.#
#.###.## ###


You could see a gnoll and an orc.

Vanquished Creatures
  An unseen horror (D:6)
  An acid dragon (D:5)
  3 black bears
  2 ice beasts
  A sky beast (D:5)
  A centaur (D:6)
  Blork the orc (D:4)
  2 scorpions (D:4)
  4 wights
  A bullfrog zombie (D:5)
  A centaur zombie (D:5)
  2 jellies (D:6)
  A centaur skeleton (D:4)
  An orc priest (D:4)
  A gnoll shaman (D:5)
  Natasha (D:3)
  An iguana (D:5)
  15 gnolls
  6 adders
  An adder skeleton (D:4)
  5 worms (D:2)
  4 dart slugs
  16 orcs
  5 bats
  8 endoplasms
  8 giant cockroaches
  5 goblins
  8 hobgoblins
  8 jackals
  12 kobolds
  4 quokkas
  2 ball pythons
  2 frilled lizards
  4 rats
138 creatures vanquished.

Notes
Turn   | Place    | Note
-------+----------+-------------------------------------------
     0 | D:1      | jjjjhere the Ghoul Fighter began the quest for the Orb.
     0 | D:1      | Reached XP level 1. HP: 19/19 MP: 0/0
   173 | D:1      | Reached XP level 2. HP: 26/26 MP: 1/1
   174 | D:1      | Reached skill level 3 in Unarmed Combat
   181 | D:1      | HP: 7/26 [gnoll/+0 spear (7)]
   564 | D:1      | Reached XP level 3. HP: 31/31 MP: 2/2
   643 | D:1      | Reached skill level 4 in Unarmed Combat
  1141 | D:2      | Reached XP level 4. HP: 38/38 MP: 3/3
  1223 | D:2      | Found Arascha's Antique Armour Shoppe.
  1476 | D:2      | Reached skill level 5 in Unarmed Combat
  1883 | D:2      | Got the Disquisition on Destructive Curses
  2018 | D:3      | Reached XP level 5. HP: 41/45 MP: 4/4
  2245 | D:3      | Noticed a black bear
  2258 | D:3      | HP: 12/45 [black bear (5)]
  2259 | D:3      | Killed a black bear
  2260 | D:3      | Reached skill level 6 in Unarmed Combat
  2260 | D:3      | Reached XP level 6. HP: 17/51 MP: 5/5
  2435 | D:3      | Noticed Natasha
  2440 | D:3      | Killed Natasha
  2663 | D:4      | Found Oroph's Firing Range.
  2675 | D:4      | Noticed Blork the orc
  2684 | D:4      | Killed Blork the orc
  2685 | D:4      | Reached skill level 7 in Unarmed Combat
  2910 | D:4      | Noticed Ijyb
  2914 | D:4      | Noticed Ijyb
  2914 | D:4      | Ijyb changed into Ijyb the frilled lizard
  2916 | D:4      | Killed Ijyb the frilled lizard
  3006 | D:4      | Noticed a black bear
  3025 | D:4      | Killed a black bear
  3188 | D:4      | Reached skill level 8 in Unarmed Combat
  3188 | D:4      | Reached XP level 7. HP: 55/57 MP: 6/6
  3602 | D:5      | Entered Level 5 of the Dungeon
  3754 | D:5      | Reached skill level 9 in Unarmed Combat
  3830 | D:5      | Reached XP level 8. HP: 43/63 MP: 7/7
  4047 | D:5      | Reached skill level 10 in Unarmed Combat
  4320 | D:5      | Reached skill level 11 in Unarmed Combat
  4700 | D:6      | Found a snail-covered altar of Cheibriados.
  4728 | D:6      | HP: 14/63 [something (8)]
  4730 | D:6      | Killed an unseen horror
  4731 | D:6      | Reached skill level 12 in Unarmed Combat
  4731 | D:6      | Reached XP level 9. HP: 21/70 MP: 8/8
  4993 | D:6      | HP: 23/71 [something/magic dart (8)]
  4996 | D:6      | HP: 11/71 [gnoll/+0 halberd (5)]
  5001 | D:6      | HP: 5/71 [gnoll/+0 halberd (6)]
  5005 | D:6      | Lost intelligence.
  5005 | D:6      | Slain by an orc

Illustrated notes

Levels and vault maps discovered:
D:1:      dpeg_arrival_erosion, layout_basic, serial_bayou_pond_d
D:2:      layout_basic, serial_shops, nicolae_square_shop
D:3:      layout_loops_ring, minmay_circle_x, uniq_natasha
D:4:      layout_basic, minmay_large_rounded_square, minmay_misc_feat_alley,
          nicolae_shop_firing_range, uniq_ijyb, uniq_blork_the_orc
D:5:      layout_gridville
D:6:      layout_basic, cheibriados_altar_1, hellmonk_bongcloud_opening,
          uniq_crazy_yiuf_cottage

Skill      XL: |  1  2  3  4  5  6  7  8  9 |
---------------+----------------------------+-----
Unarmed Combat | 3 4 5 6 8 9 12 | 12.5
Armour         | 3 |  3.1
Fighting       | |  3.8
Shields        | |  2.6

Action                   |  1- 3 |  4- 6 |  7- 9 || total
-------------------------+-------+-------+-------++-------
Melee: Unarmed           |   101 |   150 |   200 ||   451
Evoke: Wand              |       |     4 |     2 ||     6
  Use: Potion            |       |       |     3 ||     3
 Stab: Paralysed         |       |     5 |     6 ||    11
Armor: Scale mail        |    38 |    50 |    29 ||   117
       Acid dragon scale |       |       |    61 ||    61
Dodge: Dodged            |    40 |    55 |    81 ||   176
Block: Buckler           |    14 |    18 |    23 ||    55
